SR
GERMANTOWN URUGUAYANS @ GIBTOWN ELEPHANTS
09/08/2033
 
TOP OF THE 1ST
Germantown Uruguayans batting - Pitching for Gibtown Elephants : RHP Patrick Nicolas
Pitching: RHP Patrick Nicolas
Batting: RHB Conor Culver 0-0: Called Strike
0-1: Foul Ball, location: 2F
0-2: Ball
1-2: Ball
2-2: Strikes out swinging
Batting: LHB Rafael Barrueco 0-0: Called Strike
0-1: Called Strike
0-2: Ball
1-2: Ball
2-2: Foul Ball, location: 2F
2-2: Foul Ball, location: 2F
2-2: Strikes out swinging
Batting: RHB Kian Curling 0-0: Called Strike
0-1: Called Strike
0-2: Ball
1-2: Strikes out swinging
Top of the 1st over - 0 runs, 0 hits, 0 errors, 0 left on base; Germantown 0 - Gibtown 0
BOTTOM OF THE 1ST
Gibtown Elephants batting - Pitching for Germantown Uruguayans : RHP Dragutin Petrovic
Pitching: RHP Dragutin Petrovic
Batting: RHB Luis Romero 0-0: Called Strike
0-1: Ball
1-1: Ball
2-1: Foul Ball, location: 2F
2-2: SINGLE (Groundball, 56D)
Batting: RHB Don Parker 0-0: Ball
1-0: Swinging Strike
1-1: SINGLE (Groundball, 34D)
Luis Romero to second
Runner from 2nd tries for 3rd, SAFE, no throw
Batting: SHB Wren Driscoll 0-0: Ball
1-0: Called Strike
1-1: Ball
2-1: Foul Ball, location: 2F
2-2: Strikes out swinging
Batting: SHB Daniel Brewer 0-0: Swinging Strike
0-1: Ball
1-1: Ball
2-1: Called Strike
2-2: Fielders Choice at 2nd, 6-4 (Groundball, 6)
Luis Romero scores
Batting: RHB Tae-wan Park 0-0: SINGLE (Groundball, 4MD)
Daniel Brewer to second
Runner from 2nd tries for 3rd, SAFE, no throw
Batting: LHB Frank Morris 0-0: Called Strike
0-1: Ball
1-1: Ball
2-1: Fly out, F6 (Flyball, 56D)
Bottom of the 1st over - 1 run, 3 hits, 0 errors, 2 left on base; Germantown 0 - Gibtown 1
TOP OF THE 2ND
Germantown Uruguayans batting - Pitching for Gibtown Elephants : RHP Patrick Nicolas
Batting: LHB Felipe Dávila 0-0: Ball
1-0: Called Strike
1-1: Swinging Strike
1-2: Strikes out swinging
Batting: RHB Scipione Borghese 0-0: Fly out, F3 (Popup, 3F)
Batting: RHB Tomás Martí 0-0: Called Strike
0-1: Ball
1-1: Called Strike
1-2: Ball
2-2: Strikes out looking
Top of the 2nd over - 0 runs, 0 hits, 0 errors, 0 left on base; Germantown 0 - Gibtown 1
BOTTOM OF THE 2ND
Gibtown Elephants batting - Pitching for Germantown Uruguayans : RHP Dragutin Petrovic
Batting: LHB Ramón Fernández 0-0: Ball
1-0: Ground out 1-3 (Groundball, P)
Batting: RHB Lawrence O'Neal 0-0: Ball
1-0: Swinging Strike
1-1: Fly out, F7 (Flyball, 7D)
Batting: RHB Francis Raffone 0-0: Foul Ball, location: 2F
0-1: Ball
1-1: Ball
2-1: Ground out 6-3 (Groundball, 6)
Bottom of the 2nd over - 0 runs, 0 hits, 0 errors, 0 left on base; Germantown 0 - Gibtown 1
TOP OF THE 3RD
Germantown Uruguayans batting - Pitching for Gibtown Elephants : RHP Patrick Nicolas
Batting: SHB Ramón Muńóz 0-0: Foul Ball, location: 2F
0-1: Called Strike
0-2: Ball
1-2: Ground out 4-3 (Groundball, 4)
Batting: RHB Sasha Orlovsky 0-0: Reached on error, E5 (Groundball, 56)
Batting: RHB Jurgen Flurgenburgen 0-0: Called Strike
0-1: Ball
1-1: Ball
2-1: SINGLE (Line Drive, 9S)
Sasha Orlovsky to third
Batting: RHB Conor Culver 0-0: Ball
1-0: Foul Ball, location: 2F
1-1: Ball
2-1: Ball
3-1: Foul Ball, location: 2F
3-2: Ground out 5-3 (Groundball, 2L)
Sasha Orlovsky scores
Jurgen Flurgenburgen to second
Batting: LHB Rafael Barrueco 0-0: Called Strike
0-1: Ball
1-1: Ball
2-1: Ball
3-1: Base on Balls
Batting: RHB Kian Curling 0-0: Swinging Strike
0-1: Ball
1-1: Ball
2-1: Swinging Strike
2-2: Strikes out looking
Top of the 3rd over - 1 run, 1 hit, 1 error, 2 left on base; Germantown 1 - Gibtown 1
BOTTOM OF THE 3RD
Gibtown Elephants batting - Pitching for Germantown Uruguayans : RHP Dragutin Petrovic
Batting: RHB Luis Romero 0-0: Foul Ball, location: 2F
0-1: Called Strike
0-2: Ball
1-2: Ball
2-2: SINGLE (Line Drive, 78S)
Batting: RHB Don Parker 0-0: Called Strike
0-1: Foul Ball, location: 2F
0-2: Fly out, F4 (Popup, 4S)
Batting: SHB Wren Driscoll 0-0: Called Strike
0-1: Called Strike
0-2: Ball
1-2: Strikes out swinging
Batting: SHB Daniel Brewer 0-0: Ball
1-0: Called Strike
Luis Romero is caught stealing 2nd base
Bottom of the 3rd over - 0 runs, 1 hit, 0 errors, 0 left on base; Germantown 1 - Gibtown 1
TOP OF THE 4TH
Germantown Uruguayans batting - Pitching for Gibtown Elephants : RHP Patrick Nicolas
Batting: LHB Felipe Dávila 0-0: Ball
1-0: Swinging Strike
1-1: SINGLE (Flyball, 7S)
Batting: RHB Scipione Borghese 0-0: Ball
1-0: Ball
2-0: Called Strike
2-1: Foul Ball, location: 2F
2-2: Ball
3-2: Strikes out swinging
Batting: RHB Tomás Martí 0-0: Grounds into double play, 6-4-3 (Groundball, 6)
Top of the 4th over - 0 runs, 1 hit, 0 errors, 0 left on base; Germantown 1 - Gibtown 1
BOTTOM OF THE 4TH
Gibtown Elephants batting - Pitching for Germantown Uruguayans : RHP Dragutin Petrovic
Batting: SHB Daniel Brewer 0-0: Ball
1-0: Foul Ball, location: 2F
1-1: Swinging Strike
1-2: Ball
2-2: Ground out 6-3 (Groundball, 6)
Pitching: LHP Bradley Leeder
Batting: RHB Tae-wan Park 0-0: Ball
1-0: Called Strike
1-1: Ground out 3-1 (Groundball, 34)
Batting: LHB Frank Morris 0-0: Ball
1-0: Called Strike
1-1: Fly out, F9 (Flyball, 9D)
Bottom of the 4th over - 0 runs, 0 hits, 0 errors, 0 left on base; Germantown 1 - Gibtown 1
TOP OF THE 5TH
Germantown Uruguayans batting - Pitching for Gibtown Elephants : RHP Patrick Nicolas
Batting: SHB Ramón Muńóz 0-0: Ball
1-0: Swinging Strike
1-1: Foul Ball, location: 2F
1-2: Fly out, F4 (Popup, 4M)
Batting: RHB Sasha Orlovsky 0-0: Ball
1-0: Ball
2-0: Called Strike
2-1: Reached on error, E5 (Groundball, 56)
Batting: RHB Jurgen Flurgenburgen 0-0: Called Strike
Sasha Orlovsky steals 2nd base
0-1: Ball
1-1: Ball
2-1: Swinging Strike
2-2: Foul Ball, location: 2F
2-2: Strikes out swinging
Batting: RHB Conor Culver 0-0: Ball
1-0: Ball
2-0: Called Strike
2-1: Foul Ball, location: 2F
2-2: Foul Ball, location: 2F
2-2: Ball
3-2: Reached on error, E3 (Popup, 34)
Sasha Orlovsky to third
Batting: LHB Rafael Barrueco 0-0: Ball
1-0: Fly out, F7 (Flyball, 7LSF)
Top of the 5th over - 0 runs, 0 hits, 2 errors, 2 left on base; Germantown 1 - Gibtown 1
BOTTOM OF THE 5TH
Gibtown Elephants batting - Pitching for Germantown Uruguayans : LHP Bradley Leeder
Batting: LHB Ramón Fernández 0-0: Called Strike
0-1: Called Strike
0-2: Strikes out looking
Batting: RHB Lawrence O'Neal 0-0: Ball
1-0: Foul Ball, location: 2F
1-1: Ball
2-1: Ball
3-1: Base on Balls
Batting: RHB Francis Raffone 0-0: Ball
1-0: Ball
2-0: Called Strike
2-1: Swinging Strike
2-2: Foul Ball, location: 2F
2-2: Ball
3-2: Hit by Pitch
Lawrence O'Neal to second
Batting: RHB Luis Romero 0-0: Ball
1-0: Called Strike
1-1: Ball
2-1: Ball
3-1: Base on Balls
Lawrence O'Neal to third
Francis Raffone to second
Batting: RHB Don Parker 0-0: Fly out, F9 (Flyball, 9S)
Batting: SHB Wren Driscoll 0-0: Foul Ball, location: 2F
0-1: Foul Ball, location: 2F
0-2: Strikes out swinging
Bottom of the 5th over - 0 runs, 0 hits, 0 errors, 3 left on base; Germantown 1 - Gibtown 1
TOP OF THE 6TH
Germantown Uruguayans batting - Pitching for Gibtown Elephants : RHP Patrick Nicolas
Batting: RHB Kian Curling 0-0: Ball
1-0: Foul Ball, location: 2F
1-1: Foul Ball, location: 2F
1-2: Ground out 5-3 (Groundball, 56)
Batting: LHB Felipe Dávila 0-0: Ball
1-0: Ball
2-0: Ball
3-0: Called Strike
3-1: DOUBLE (Line Drive, 9D)
Batting: RHB Scipione Borghese 0-0: Intentional Walk
Pinch Runner at 2nd Allan Colston:
Batting: RHB Tomás Martí 0-0: Foul Ball, location: 2F
0-1: Ball
1-1: SINGLE (Line Drive, 78S)
Allan Colston to third
Scipione Borghese to second
Runner from 3rd tries for Home, SAFE, throw made home
Batting: SHB Ramón Muńóz 0-0: Ball
1-0: Called Strike
1-1: Ball
2-1: SINGLE (Line Drive, 9S)
Scipione Borghese to third
Tomás Martí to second
Runner from 3rd tries for Home, SAFE, no throw
Batting: RHB Sasha Orlovsky 0-0: Swinging Strike
0-1: Ball
1-1: Hit by Pitch
Tomás Martí to third
Ramón Muńóz to second
Pitching: RHP Michael White
Batting: RHB Jurgen Flurgenburgen 0-0: Called Strike
0-1: Called Strike
0-2: Grounds into fielders choice 6-2 (Groundball, 56)
Ramón Muńóz to third
Sasha Orlovsky to second
Batting: RHB Conor Culver 0-0: Ball
1-0: Swinging Strike
1-1: Foul Ball, location: 2F
1-2: Ball
2-2: Ball
3-2: Base on Balls
Ramón Muńóz scores
Sasha Orlovsky to third
Jurgen Flurgenburgen to second
Batting: LHB Rafael Barrueco 0-0: Ball
1-0: Ball
2-0: Called Strike
2-1: Called Strike
2-2: Fly out, F8 (Flyball, 89D)
Top of the 6th over - 3 runs, 3 hits, 0 errors, 3 left on base; Germantown 4 - Gibtown 1
BOTTOM OF THE 6TH
Gibtown Elephants batting - Pitching for Germantown Uruguayans : LHP Bradley Leeder
Now at 1B: Allan Colston
Batting: SHB Daniel Brewer 0-0: Ball
1-0: Ball
2-0: Called Strike
2-1: Ball
3-1: Swinging Strike
3-2: Foul Ball, location: 2F
3-2: SINGLE (Groundball, 34S) (infield hit)
Batting: RHB Tae-wan Park 0-0: Ball
1-0: Foul Ball, location: 2F
1-1: Ball
2-1: Foul Ball, location: 2F
2-2: DOUBLE (Groundball, 3L)
Daniel Brewer to third
Batting: LHB Frank Morris 0-0: Swinging Strike
0-1: Ball
1-1: Ball
2-1: Fly out, F7 (Flyball, 7LM)
Runner from 3rd tags up, SCORES, no throw
Batting: LHB Ramón Fernández 0-0: Ball
1-0: Called Strike
1-1: Fly out, F8 (Flyball, 8RD)
Batting: RHB Lawrence O'Neal 0-0: Ball
1-0: Ground out U3 (Groundball, 3S)
Bottom of the 6th over - 1 run, 2 hits, 0 errors, 1 left on base; Germantown 4 - Gibtown 2
TOP OF THE 7TH
Germantown Uruguayans batting - Pitching for Gibtown Elephants : RHP Michael White
Batting: RHB Kian Curling 0-0: Called Strike
0-1: Ball
1-1: Ball
2-1: SINGLE (Groundball, 56) (infield hit)
Batting: LHB Allan Colston 0-0: Foul Ball, location: 2F
0-1: Ball
Kian Curling steals 2nd base
1-1: Swinging Strike
1-2: Strikes out looking
Batting: RHB Scipione Borghese 0-0: Intentional Walk
Batting: RHB Tomás Martí 0-0: Called Strike
0-1: Ball
1-1: Ball
2-1: Foul Ball, location: 2F
2-2: Hit by Pitch
Kian Curling to third
Scipione Borghese to second
Batting: SHB Ramón Muńóz 0-0: Ball
1-0: Called Strike
1-1: Foul Ball, location: 2F
1-2: Foul Ball, location: 2F
1-2: Strikes out looking
Pinch Hitting: LHB Masamune Ueda 0-0: Called Strike
0-1: Ball
1-1: Ball
2-1: Ball
3-1: Ground out 4-3 (Groundball, 4)
Top of the 7th over - 0 runs, 1 hit, 0 errors, 3 left on base; Germantown 4 - Gibtown 2
BOTTOM OF THE 7TH
Gibtown Elephants batting - Pitching for Germantown Uruguayans : LHP Bradley Leeder
Now at SS: Masamune Ueda
Batting: RHB Francis Raffone 0-0: Called Strike
0-1: Foul Ball, location: 2F
0-2: Fly out, F7 (Flyball, 7)
Batting: RHB Luis Romero 0-0: Ball
1-0: Fly out, F8 (Flyball, 89D)
Batting: RHB Don Parker 0-0: Called Strike
0-1: Ball
1-1: Ball
2-1: Ball
3-1: Base on Balls
Batting: SHB Wren Driscoll 0-0: Foul Ball, location: 2F
0-1: Called Strike
0-2: Ball
1-2: Foul Ball, location: 2F
1-2: Hit by Pitch
Don Parker to second
Batting: SHB Daniel Brewer 0-0: Called Strike
0-1: Swinging Strike
0-2: Strikes out swinging
Bottom of the 7th over - 0 runs, 0 hits, 0 errors, 2 left on base; Germantown 4 - Gibtown 2
TOP OF THE 8TH
Germantown Uruguayans batting - Pitching for Gibtown Elephants : RHP Michael White
Batting: RHB Jurgen Flurgenburgen 0-0: Called Strike
0-1: Ball
1-1: Fly out, F8 (Line Drive, 8RS)
Batting: RHB Conor Culver 0-0: Swinging Strike
0-1: Fly out, F7 (Flyball, 78D)
Batting: LHB Rafael Barrueco 0-0: Called Strike
0-1: Foul Ball, location: 2F
0-2: Ball
1-2: Ball
2-2: Strikes out looking
Top of the 8th over - 0 runs, 0 hits, 0 errors, 0 left on base; Germantown 4 - Gibtown 2
BOTTOM OF THE 8TH
Gibtown Elephants batting - Pitching for Germantown Uruguayans : LHP Bradley Leeder
Pitching: LHP Armando Álvarez
Batting: RHB Tae-wan Park 0-0: Called Strike
0-1: Ball
1-1: Ball
2-1: Foul Ball, location: 2F
2-2: DOUBLE (Popup, 6MD)
Batting: LHB Frank Morris 0-0: Ball
1-0: Foul Ball, location: 2F
1-1: Called Strike
1-2: Ball
2-2: Fly out, F7 (Flyball, 7S)
Batting: LHB Ramón Fernández 0-0: Foul Ball, location: 2F
0-1: Called Strike
0-2: Strikes out swinging
Batting: RHB Lawrence O'Neal 0-0: Called Strike
0-1: Swinging Strike
0-2: Ball
1-2: Strikes out looking
Bottom of the 8th over - 0 runs, 1 hit, 0 errors, 1 left on base; Germantown 4 - Gibtown 2
TOP OF THE 9TH
Germantown Uruguayans batting - Pitching for Gibtown Elephants : RHP Michael White
Batting: RHB Kian Curling 0-0: Ball
1-0: SINGLE (Flyball, 8RS)
Batting: LHB Allan Colston 0-0: Called Strike
Kian Curling steals 2nd base
0-1: Ball
1-1: Fly out, F4 (Line Drive, 4)
Batting: RHB Scipione Borghese 0-0: Intentional Walk
Pitching: RHP Paco Garza
Batting: RHB Tomás Martí 0-0: Called Strike
0-1: Ball
1-1: Foul Ball, location: 2F
1-2: DOUBLE (Line Drive, 7D)
Kian Curling scores
Scipione Borghese to third
Runner from 3rd tries for Home, SAFE, no throw
Batting: SHB Ramón Muńóz 0-0: Foul Ball, location: 2F
0-1: Swinging Strike
0-2: Ball
1-2: Ground out 2-3 (Groundball, 2L)
Tomás Martí to third
Batting: LHB Masamune Ueda 0-0: Fly out, F8 (Flyball, 8LD)
Top of the 9th over - 2 runs, 2 hits, 0 errors, 1 left on base; Germantown 6 - Gibtown 2
BOTTOM OF THE 9TH
Gibtown Elephants batting - Pitching for Germantown Uruguayans : LHP Armando Álvarez
Batting: RHB Francis Raffone 0-0: Ball
1-0: Foul Ball, location: 2F
1-1: Ball
2-1: Swinging Strike
2-2: Ball
3-2: Reached on error, E6 (Groundball, 6)
Batting: RHB Luis Romero 0-0: Ball
1-0: Ball
2-0: DOUBLE (Line Drive, 89D)
Francis Raffone to third
Batting: RHB Don Parker 0-0: Called Strike
0-1: Swinging Strike
0-2: Foul Ball, location: 2F
0-2: Ball
Wild Pitch!
Francis Raffone scores
Luis Romero to third
1-2: Strikes out looking
Batting: SHB Wren Driscoll 0-0: Swinging Strike
0-1: Called Strike
0-2: Ball
1-2: Ground out 5-3 (Groundball, 25)
Luis Romero scores
Batting: SHB Daniel Brewer 0-0: Called Strike
0-1: Ball
1-1: Foul Ball, location: 2F
1-2: Ball
2-2: DOUBLE (Line Drive, 8RXD)
Batting: RHB Tae-wan Park 0-0: Swinging Strike
0-1: Ball
Wild Pitch!
Daniel Brewer to third
1-1: Swinging Strike
1-2: Foul Ball, location: 2F
1-2: Foul Ball, location: 2F
1-2: Ball
2-2: Foul Ball, location: 2F
2-2: Fly out, F7 (Flyball, 78D)
Bottom of the 9th over - 2 runs, 2 hits, 1 error, 1 left on base; Germantown 6 - Gibtown 4
Saturday, December 22nd, 2018 - OOTP Baseball 18.8 Build 76